 Dungeon Crawl Stone Soup version 0.28-a0-819-g6ef7baa362 (console) character file.

Game seed: 15507839225349472368

132 petzl the Vexing (level 5, -4/34 HPs)
             Began as an Octopode Arcane Marksman on Nov 9, 2021.
             Hit by a boomerang thrown by an orc (6 damage)
             ... on level 4 of the Dungeon.
             The game lasted 00:09:40 (3187 turns).

petzl the Vexing (Octopode Arcane Marksman)         Turns: 3187, Time: 00:09:41

Health: -4/34      AC:  1    Str:  9    XL:     5   Next: 15%
Magic:  8/8        EV: 13    Int: 22    God:
Gold:   133        SH:  0    Dex: 13    Spells: 3/8 levels left

rFire   . . .      SeeInvis .   b - +8 short sword (elec)
rCold   . . .      Faith    .   (no shield)
rNeg    . . .      Spirit   .   (helmet restricted)
rPois   .          Reflect  .   (no amulet)
rElec   .          Harm     .   e - +6 ring of intelligence
rCorr   .          Rampage  .   (no ring)
Will    .....                   (no ring)
Stlth   +++.......              (no ring)
HPRegen 0.11/turn               (no ring)
MPRegen 0.11/turn               (no ring)
                                (no ring)
                                (no ring)

@: no status effects
A: almost no armour, amphibious, 8 rings, camouflage 1, gelatinous body 1,
(nimble swimmer 1), tentacles
a: no special abilities


You were on level 4 of the Dungeon.
You visited 1 branch of the dungeon, and saw 6 of its levels.

You collected 133 gold pieces.

Inventory:

Hand Weapons
 a - a +0 hand crossbow
 b - a +8 short sword of electrocution (weapon)
 s - a +0 trident of freezing
Missiles
 c - 18 bolts
 m - 11 poisoned darts (quivered)
Jewellery
 e - a +6 ring of intelligence (left tentacle)
 k - a ring of wizardry
Scrolls
 d - a scroll of fog {unknown}
 g - 4 scrolls of identify
 i - a scroll of blinking {unknown}
 j - a scroll of amnesia {unknown}
 l - a scroll of summoning {unknown}
 n - a scroll of enchant weapon
 p - a scroll of teleportation {unknown}
 q - a scroll of noise {unknown}
Potions
 f - a potion of haste {unknown}
 h - a potion of might {unknown}
 o - a potion of heal wounds {unknown}
 r - a potion of invisibility {unknown}


   Skills:
 + Level 2.0 Fighting
 + Level 2.7 Crossbows
 + Level 2.7 Dodging
 + Level 3.0 Stealth
 * Level 2.2 Spellcasting
 * Level 0.0 Conjurations
 - Level 3.0 Hexes
 + Level 0.2 Air Magic
 + Level 0.0 Poison Magic


You had 3 spell levels left.
You knew the following spells:

 Your Spells              Type           Power      Damage    Failure   Level
a - Slow                  Hex            60%        N/A       4%          1
b - Magic Dart            Conj           8%         1d3       13%         1
m - Mephitic Cloud        Conj/Pois/Air  2%         N/A       36%         3

Your spell library contained the following spells:

 Spells                   Type           Power      Damage    Failure   Level
 Apportation              Tloc           4%         N/A       14%         1
 Beastly Appendage        Tmut           4%         N/A       14%         1
 Call Imp                 Summ           2%         N/A       21%         2
 Passwall                 Tmut/Erth      1%         N/A       21%         2
 Inner Flame              Hex/Fire       9%         N/A       22%         3
 Portal Projectile        Hex/Tloc       18%        N/A       22%         3
 Swiftness                Air            3%         N/A       36%         3
 Gell's Gravitas          Tloc           2%         N/A       38%         3
 Lesser Beckoning         Tloc           2%         N/A       38%         3
 Teleport Other           Tloc           2%         N/A       38%         3
 Cause Fear               Hex            7%         N/A       36%         4
 Alistair's Intoxication  Tmut/Pois      1%         N/A       98%         5
 Invisibility             Hex            7%         N/A       99%         6


Dungeon Overview and Level Annotations

Branches:
Dungeon (6/15)
 Temple: D:4-7

Altars:
Kikubaaqudgha
Ru
Zin

Annotations:
D:3 2 transporters, Grinder; lawman0's ghost, amateur DjWz
D:4 exclusion: ogre, Sigmund
D:5 exclusion: downstairs


Innate Abilities, Weirdness & Mutations

You cannot wear most types of armour.
You are amphibious.
You can wear up to eight rings at the same time.
Your skin changes colour to match your surroundings (Stealth+).
Your rubbery body absorbs attacks. (AC +1, EV +1)
((You are camouflaged near water. (Stealth+)))
You have tentacles for arms and can constrict up to eight enemies at once.


Message History

Here: an iguana (severely wounded, constricted by you)
Items here: ( ) ? [ †.
An open door, spattered with blood.
Unknown command.
Unknown command.
Press: ? - help, v - describe, . - travel, g - get item
Here: an iguana (severely wounded, constricted by you)
Items here: ( ) ? [ †.
An open door, spattered with blood.
Unknown command.
Unknown command.
Okay, then.
Unknown command.
Unknown command.
You release your grip on the iguana.
There is an open door here.
You see here 21 stones.
A kobold comes into view. It is wielding a +0 morningstar.
A quokka comes into view.
Found a short sword.
Found an ancient bone altar of Kikubaaqudgha.
The kobold shouts!
There is a stone staircase leading up here.
Sigmund the Dreaded comes into view.
He is wielding a +0 scythe.
Sigmund shouts!
There is an escape hatch in the floor here.
There is an open door here.
As you read the scroll labelled HUPLIUSKIU, it crumbles to dust.
It is a scroll of identify.
n - a scroll of enchant weapon The iguana bites you!
* * * LOW HITPOINT WARNING * * *
Unknown command.
Unknown command.
Okay, then.
Unknown command.
Unknown command.
The orc shouts!
The orc throws a boomerang.
The boomerang hits you.
You die...

######## ##......## ##..[.>...##
####### #..........# #.....#
#..........# #.....#
#..........######..<..# '.
#.....................# r.≈.'.#######
#..........#####......# ).≈.'.......#
####......####........###
≈≈≈.#.......###....######o(####..##.#
....#.......##..#.##..##....#....##.#
#####.............#....'....####.#..###
##...........####.#....##..## ##.....#
............## ####..###+#+ #.....#
.......@....#####..#)## o5# #.....#
##..........(..'Kl.@## .... #.....#
#.......>......#....# ..g.. #.....#
....#...######.##..##?..8..? ##....#
.<#...#.........##+##[.s.o.! #....#
..###...........# ##...l.## #.####
......###.......# ##.# #..####
#.......# ###..# ...# ##.###..# #....#
.... #.# #.## #.##.# #.... # ..#
##.##.# ##@## ### #..##.# ...
#.O....###.# ... ..##### #.# #[ .# .#
#.# ##. .## ##. #.# # .. ... #.. #.#
..####.##.# #.# #.# ........#.### #.#
#.# ............#####.###### #.#


You could see an iguana, an orc and a kobold.

Vanquished Creatures
  A scorpion (D:3)
  2 adders (D:2)
  An ufetubus (D:4)
  An adder skeleton (D:4)
  2 worms
  A dart slug (D:2)
  An orc (D:4)
  6 ball pythons
  5 bats
  2 endoplasms (D:2)
  2 giant cockroaches
  3 goblins
  2 hobgoblins
  6 kobolds
  2 quokkas
37 creatures vanquished.

Notes
Turn   | Place    | Note
-------+----------+-------------------------------------------
     0 | D:1      | petzl the Octopode Arcane Marksman began the quest for the
                  | Orb.
     0 | D:1      | Reached XP level 1. HP: 13/13 MP: 2/2
   413 | D:1      | Reached XP level 2. HP: 9/18 MP: 3/3
   799 | D:2      | Reached skill level 1 in Stealth
   876 | D:3      | Noticed a scorpion
  1148 | D:2      | Reached XP level 3. HP: 23/23 MP: 3/5
  1843 | D:2      | Found a faded altar of an unknown god.
  1851 | D:2      | Got Plato's Catalogue of Transmigration
  2376 | D:3      | Found a transporter.
  2376 | D:3      | Noticed lawman0's ghost (amateur DjWz)
  2377 | D:3      | Found a transporter.
  2522 | D:3      | Reached XP level 4. HP: 29/29 MP: 6/6
  2659 | D:3      | Killed a scorpion
  2660 | D:3      | Reached XP level 5. HP: 34/34 MP: 6/8
  2752 | D:3      | Noticed Grinder
  2849 | D:3      | Found a glowing silver altar of Zin.
  2921 | D:4      | Found a sacrificial altar of Ru.
  2932 | D:4      | Noticed an ogre
  2948 | D:5      | Entered Level 5 of the Dungeon
  2954 | D:6      | Noticed a sky beast
  2989 | D:4      | Learned a level 3 spell: Mephitic Cloud
  2991 | D:4      | Learned a level 1 spell: Magic Dart
  3015 | D:4      | Noticed an ogre
  3160 | D:4      | Found an ancient bone altar of Kikubaaqudgha.
  3168 | D:4      | Noticed Sigmund
  3187 | D:4      | Hit by a boomerang thrown by an orc

Illustrated notes

Levels and vault maps discovered:
D:1:      co_arrival_random_square_maze, layout_rooms, serial_corexii_hall,
          corexii_hall_statues_x, chequers_hall_statues_corner_a,
          glass_columns_c
D:2:      layout_basic, shapermc_ecumenical_altar_rom_forum
D:3:      layout_rooms, mainiacjoe_overflow_chevrons, gammafunk_ghost_arena,
          minivault_27, uniq_grinder
D:4:      minmay_bubble_buster, layout_rooms, mainiacjoe_overflow_alcove_4,
          grunt_gozag_breadcrumbs, nicolae_ru_sacrificial_ziggurat,
          nicolae_qazlal_eye_of_the_storm, uniq_sigmund
D:5:      layout_cave_pods, minmay_temple_entry_hall,
          chequers_serial_rivers_small_b, nrook_pool_corridor,
          minmay_fire_ice_demons
D:6:      layout_rooms, trog_antimagical

Skill      XL: |  1  2  3  4  5 |
---------------+----------------+-----
Stealth        | 1 2 3 |  3.0
Fighting       | 2 |  2.0
Spellcasting   | 2 |  2.2
Crossbows      | |  2.7
Dodging        | |  2.7
Hexes          | |  3.0
Air Magic      | |  0.2

Action                   |  1- 3 |  4- 6 || total
-------------------------+-------+-------++-------
Melee: Short sword       |    16 |    10 ||    26
       Constrict         |     5 |     2 ||     7
       Tentacles         |     3 |     2 ||     5
 Fire: Hand crossbow     |    54 |     8 ||    62
Throw: Dart              |     4 |    10 ||    14
 Cast: Slow              |     2 |     4 ||     6
  Use: Scroll            |       |     1 ||     1
 Stab: Sleeping          |     2 |     1 ||     3
Armor: Skin              |     4 |       ||     4
Dodge: Dodged            |    27 |     5 ||    32

Table legend: (Time is in decaauts)
 A = Elapsed time spent in this place.
 B = Non-inter-level travel time spent in this place.
 C = Inter-level travel time spent in this place.
 D = Time resting spent in this place.
 E = Time spent auto-exploring this place.
 F = Levels seen in this place.
 G = Mean time per level.
                   A        B        C        D        E       F      G
               +--------+--------+--------+--------+--------+-----+--------+
         Total |   3211 |   3062 |    149 |    388 |   1940 |   6 |  535.2 |
       Dungeon |   3211 |   3062 |    149 |    388 |   1940 |   6 |  535.2 |
               +--------+--------+--------+--------+--------+-----+--------+

Top non-repeatable levels by time:
     D:2: 1348 daAuts
     D:1: 791 daAuts
     D:3: 772 daAuts
     D:4: 272 daAuts
     D:5: 24 daAuts
     D:6: 1 daAuts
